 Dungeon Crawl Stone Soup version 0.25.0-46-gbd7b0854d2 (webtiles) character file.

Game seed: 11863727043280366818

46 Ethylacetat the Poker (level 3, -4/33 HPs)
             Began as a Naga Gladiator on July 14, 2020.
             Slain by an orc
             ... wielding a +0 mace
              (8 damage)
             ... on level 3 of the Dungeon.
             The game lasted 00:01:50 (1306 turns).

Ethylacetat the Poker (Naga Gladiator)              Turns: 1306, Time: 00:01:51

Health: -4/33      AC:  3    Str: 17    XL:     3   Next: 66%
Magic:  3/3        EV: 10    Int:  8    God:
Gold:   76         SH:  0    Dex: 12    Spells: 2/2 levels left

rFire    . . .     SeeInvis +   a - +0 trident
rCold    . . .     Gourm    .   (no shield)
rNeg     . . .     Faith    .   b - +0 leather armour
rPois    +         Spirit   .   c - +0 helmet
rElec    .         Reflect  .   (no cloak)
rCorr    .         Harm     .   (no gloves)
MR       .....                  (no barding)
Stlth    +.........             (no amulet)
HPRegen  0.11/turn              (no ring)
MPRegen  0.08/turn              (no ring)

@: very slow
A: large, see invisible, deformed body, poison resistance, slowness 2, slow
metabolism 1, spit poison 1, AC +1
a: Spit Poison


You were on level 3 of the Dungeon.
You were hungry.

You visited 1 branch of the dungeon, and saw 3 of its levels.

You collected 76 gold pieces.

Inventory:

Hand Weapons
 a - a +0 trident (weapon)
Missiles
 d - 2 throwing nets (quivered)
Armour
 b - a +0 leather armour (worn)
 c - a +0 helmet (worn)
Scrolls
 j - 2 scrolls of magic mapping {unknown}
 k - 2 scrolls of enchant armour {unknown}
 l - a scroll of identify {unknown}
 m - a scroll of immolation {unknown}
 n - 2 scrolls of enchant weapon {unknown}
 o - a scroll of remove curse {unknown}
Potions
 e - 3 potions of might {unknown}
 h - a potion of curing {unknown}
 i - a potion of berserk rage {unknown}
 p - a potion of haste {unknown}
 q - 2 potions of brilliance {unknown}
Comestibles
 f - 3 rations
 g - a chunk of flesh


   Skills:
 + Level 2.3 Fighting
 * Level 4.2 Polearms
 - Level 1.7 Throwing
 + Level 0.4 Armour
 - Level 2.4 Dodging


You had 2 spell levels left.
You didn't know any spells.
Your spell library was empty.

Dungeon Overview and Level Annotations

Branches:
Dungeon (2/15)

Altars:


Innate Abilities, Weirdness & Mutations

You cannot wear boots.
Your serpentine skin is tough. (AC +1)
You have supernaturally acute eyesight. (SInv)
Armour fits poorly on your strangely shaped body.
Your system is resistant to poisons. (rPois)
You cover ground very slowly.
You have a slow metabolism.
You can spit poison.


Message History

You have got your breath back.
The orc struggles against the net.
You strike the helpless orc from behind!
You hit the orc.
The orc is lightly wounded.
The orc struggles against the net.
You completely miss the orc.
The orc is lightly wounded.
The orc struggles against the net.
You barely miss the orc.
The orc is lightly wounded.
The orc struggles against the net.
You hit the orc.
The orc is moderately wounded.
The orc struggles against the net.
The net rips apart, and the orc comes free!
You closely miss the orc.
The orc is moderately wounded.
The orc hits you with a +0 mace!
You die...

#..# #### #.## #
....#####.#####.
#
#...#.÷.......#
#. #...#.#######
#. ##..#(# ...
##..##.# #.#
#.†.##.# #.
#@#.....# #
###o####...#
#..####†)l# .#.#
........### .
...............
..........####.
............
..........##.
....!.....# #


You could see an orc and a frilled lizard.

Vanquished Creatures
  An ooze (D:3)
  2 leopard geckos
  An orc (D:3)
  2 giant cockroaches
  6 goblins
  2 hobgoblins (D:1)
  5 jackals
  A quokka (D:3)
  7 bats
  2 frilled lizards
  3 kobolds
  5 rats
37 creatures vanquished.

Notes
Turn   | Place    | Note
-------+----------+-------------------------------------------
     0 | D:1      | Ethylacetat the Naga Gladiator began the quest for the Orb.
     0 | D:1      | Reached XP level 1. HP: 19/19 MP: 1/1
   273 | D:1      | Reached XP level 2. HP: 21/26 MP: 2/2
  1084 | D:2      | Reached XP level 3. HP: 33/33 MP: 3/3
  1216 | D:2      | You fall into a shaft and drop 1 floor!
  1271 | D:3      | Reached skill level 4 in Polearms
  1306 | D:3      | Slain by an orc

Illustrated notes

Levels and vault maps discovered:
D:1:      saegor_arrival_simple_a, layout_loops_ring
D:2:      layout_basic, dancing_weapons_uskayaw, st_stairs_10, fedhas_altar_2
D:3:      layout_rooms, makhleb_heckhound_becter

Skill      XL: |  1  2  3 |
---------------+----------+-----
Polearms       | 4 |  4.2
Fighting       | |  2.3
Throwing       | |  1.7
Armour         | |  0.4
Dodging        | |  2.4

Action                   || total
-------------------------++-------
Melee: Trident           ||   112
Throw: Throwing net      ||     1
 Abil: Spit Poison       ||     2
 Stab: Held in net/web   ||     1
Armor: Leather armour    ||    49
Dodge: Dodged            ||    71
